Map: [ESL] Cosmic Sapphire

Players

Bunny - Winner!

  • Race: Terran Terran
  • Spawn Location: 5:00

NightMare

  • Race: Protoss Protoss
  • Spawn Location: 11:00

Event: DreamHack SC2 Masters 2022 Atlanta (Offline)

VOD

Have the link to the VOD?

Description

Time

  • Played on: Nov. 19, 2022, 3:53 p.m.
  • Length: 10:04

All games in this series

Show
View Real Time Build Order
Export as new Build Order

Bunny Terran - Winner!

Build Orders: Cyclone Opening 

Get SALT Encoding   

  12  0:00  SCV  
  13  0:12  SCV  
  14  0:17  Supply Depot  
  14  0:24  SCV  
  15  0:38  SCV  
  15  0:40  Barracks  
  15  0:42  Refinery  
  16  0:50  SCV  
  16  0:52  Refinery  
  17  1:02  SCV  
  18  1:11  Supply Depot  
  18  1:15  SCV  
  19  1:27  Reaper  
  19  1:28  Orbital Command  
  20  1:42  Factory  
  20  1:54  SCV  
  21  1:59  Barracks Reactor  
  21  2:06  SCV  
  22  2:11  Bunker  
  22  2:18  Marine, SCV  
  22  2:21  Supply Depot  
  24  2:25  Factory Tech Lab  
  24  2:30  SCV  
  24  2:36  Marine  
  26  2:42  SCV  
  27  2:44  Cyclone  
  30  2:53  Marine  
  30  2:55  Command Center  
  31  3:02  Supply Depot  
  31  3:05  SCV  
  32  3:11  Marine  
  33  3:17  Siege Tank  
  36  3:21  SCV  
  36  3:26  Starport  
  37  3:31  Barracks Reactor  
  37  3:33  SCV  
  38  3:46  SCV  
  39  3:49  Siege Tank  
  42  3:58  SCV  
  42  4:02  Barracks, Starport Tech Lab  
  43  4:08  Marine x2, Orbital Command  
  45  4:10  SCV  
  46  4:20  Bunker  
  46  4:22  Raven  
  48  4:25  SCV  
  48  4:28  Marine x2  
  48  4:30  Orbital Command  
  51  4:36  Barracks  
  51  4:37  SCV  
  52  4:49  SCV  
  52  4:51  Factory Reactor  
  52  4:52  Marine x2  
  55  4:56  SCV  
  55  4:59  Engineering Bay  
  56  5:00  Supply Depot  
  56  5:01  Stimpack  
  56  5:02  SCV  
  56  5:05  Marine  
  58  5:11  SCV  
  58  5:12  Starport Reactor  
  58  5:14  Marine x2, SCV  
  59  5:23  Marine  
  59  5:30  SCV x2  
  59  5:31  Terran Infantry Weapons Level 1  
  59  5:34  Barracks Tech Lab  
  61  5:40  Marine x2  
  61  5:41  Marine  
  64  5:44  SCV x2  
  64  5:47  Supply Depot, Refinery  
  66  5:51  Siege Tank  
  66  5:54  Marine  
  70  6:03  Supply Depot, SCV  
  70  6:04  Supply Depot  
  70  6:08  Marine x3  
  70  6:09  SCV  
  74  6:13  Refinery, Medivac  
  74  6:15  SCV  
  77  6:21  Combat Shield, SCV  
  78  6:26  Marine x4  
  78  6:27  SCV  
  83  6:33  Command Center  
  83  6:38  Medivac  
  83  6:39  Supply Depot x2  
  85  6:43  Medivac  
  87  6:47  SCV x2  
  87  6:53  Marauder  
  87  6:54  Marauder  
  93  6:56  Marine x2  
  94  7:03  Widow Mine x2  
  94  7:07  SCV x2  
  98  7:15  Marauder x2  
  101  7:17  Marine x2  
  99  7:24  SCV x2  
  99  7:28  Medivac x2  
  105  7:33  Barracks  
  105  7:38  Barracks  
  105  7:45  Supply Depot  
  105  7:46  Orbital Command  
  105  7:47  Missile Turret  
  105  7:50  Marauder x2  
  105  7:51  Marine x2  
  111  7:59  Widow Mine  
  111  8:00  Medivac, Widow Mine  
  111  8:01  Medivac  
  119  8:06  Terran Infantry Armor Level 1  
  119  8:08  Concussive Shells  
  119  8:14  Marine x2, Marauder x2  
  122  8:21  Widow Mine x2  
  122  8:24  Marauder  
  118  8:31  Marine  
  118  8:34  Marine, Barracks Reactor  
  115  8:35  Marauder x2  
  115  8:36  SCV x2  
  115  8:39  Orbital Command  
  115  8:40  Medivac  
  124  8:42  Widow Mine x2  
  124  8:45  Marine  
  128  8:56  Marauder x2  
  128  9:01  Marine x2  
  130  9:03  Marauder  
  130  9:09  SCV  
  133  9:13  Supply Depot x2  
  133  9:14  Supply Depot  
  133  9:29  Supply Depot, Marauder, Widow Mine x2, Medivac  
  141  9:34  Marine x4, Marauder, SCV x2  
  141  9:35  Marauder  
Show
View Real Time Build Order
Export as new Build Order

NightMare Protoss 

Build Orders: Blink Stalkers 

Get SALT Encoding   

  12  0:00  Probe  
  13  0:12  Probe  
  14  0:17  Pylon  
  14  0:24  Probe  
  15  0:36  Probe  
  15  0:37  Gateway  
  16  0:44  Assimilator  
  16  0:48  Probe  
  17  0:56  Pylon  
  17  1:00  Probe  
  18  1:15  Gateway  
  19  1:23  Cybernetics Core  
  18  1:26  Zealot  
  18  1:29  Probe  
  21  1:42  Probe  
  22  1:58  Adept (Chrono Boost)  
  22  1:59  Stalker (Chrono Boost)  
  24  2:03  Shield Battery  
  24  2:06  Assimilator  
  26  2:16  Warp Gate  
  26  2:26  Probe  
  27  2:35  Nexus  
  27  2:38  Probe  
  28  2:45  Twilight Council  
  28  2:50  Probe  
  29  2:56  Pylon  
  29  3:02  Probe  
  30  3:14  Probe, Blink (Chrono Boost)  
  31  3:26  Probe  
  32  3:35  Gateway  
  32  3:36  Gateway  
  32  3:38  Probe  
  32  3:40  Shield Battery  
  31  3:52  Probe x2  
  33  4:04  Probe  
  33  4:05  Probe  
  35  4:11  Robotics Facility  
  35  4:15  Stalker x2  
  39  4:17  Probe  
  40  4:26  Gateway  
  40  4:30  Stalker  
  42  4:34  Stalker  
  42  4:37  Stalker  
  46  4:40  Stalker  
  46  4:44  Pylon  
  49  4:45  Probe  
  49  4:57  Probe, Stalker x2  
  54  5:04  Stalker x2  
  58  5:07  Pylon  
  57  5:16  Probe  
  57  5:20  Charge (Chrono Boost)  
  48  5:28  Gateway  
  44  5:29  Gateway  
  44  5:34  Gateway  
  44  5:39  Zealot x3  
  50  5:46  Probe  
  50  5:47  Probe  
  51  5:53  Warp Prism (Chrono Boost)  
  53  6:05  Stalker x4  
  53  6:08  Zealot  
  63  6:13  Pylon  
  63  6:23  Pylon  
  63  6:32  Zealot x5  
  73  6:36  Observer  
  73  6:38  Pylon  
  74  6:48  Nexus  
  74  7:05  Zealot x5  
  82  7:10  Stalker x2  
  78  7:24  Probe (Chrono Boost)  
  78  7:25  Probe (Chrono Boost)  
  79  7:31  Templar Archives  
  79  7:36  Probe (Chrono Boost)  
  81  7:42  Probe (Chrono Boost)  
  81  7:44  Zealot x3  
  81  7:45  Probe (Chrono Boost), Zealot  
  81  7:49  Probe (Chrono Boost)  
  81  7:51  Probe  
  92  8:01  Probe  
  92  8:03  Probe  
  91  8:06  Zealot x4  
  97  8:13  Probe  
  88  8:20  Zealot x4  
  59  8:37  Zealot  
  59  8:38  Zealot x2  
  61  8:42  Probe x3  
  64  8:54  Probe x2 (Chrono Boost)  
  67  8:56  Probe (Chrono Boost)  
  67  8:59  High Templar  
  67  9:00  High Templar x2  
  67  9:01  High Templar, Zealot x3  
  67  9:02  Observer  
  79  9:06  Probe x2 (Chrono Boost)  
  79  9:07  Archon x2  
  78  9:12  Probe (Chrono Boost)  
  78  9:13  Probe x2 (Chrono Boost)  
  80  9:18  Probe  
  81  9:26  Zealot x2  
  81  9:27  Zealot  
  87  9:32  Pylon  
Tags
 
Add a new tag
Caveats
  • Supply blocks, unpowered buildings, or Contaminate may cause inaccurate times.
  • Supply counts are checked every 10 seconds.